 Dungeon Crawl Stone Soup version 0.31.0-9-g3a7656b989 (webtiles) character file.

Game seed: 13953097097111852224

81 qw the Shooter (level 4, 0/25 HPs)
             Began as a Deep Elf Hunter on Feb 2, 2024.
             Slain by an orc
             ... wielding a +0 club
              (2 damage)
             ... on level 4 of the Dungeon.
             The game lasted 00:00:05 (1619 turns).

qw the Shooter (Deep Elf Hunter)                    Turns: 1619, Time: 00:00:05

Health: 0/25       AC:  4    Str: 10    XL:     4   Next: 19%
Magic:  6/6        EV: 12    Int: 14    God:
Gold:   128        SH:  0    Dex: 18    Spells: 3/3 levels left

rFire   . . .        a - +0 shortbow
rCold   . . .        (shield currently unavailable)
rNeg    . . .        c - +0 leather armour
rPois   .            b - +0 helmet
rElec   .            e - scarf {repulsion}
rCorr   .            (no gloves)
SInv    .            (no boots)
Will    .....        (no amulet)
Stlth   ++           (no ring)
HPRegen 0.24/turn    (no ring)
MPRegen 0.10/turn

%: repel missiles
@: no status effects
A: no striking features
a: no special abilities


You were on level 4 of the Dungeon.
You visited 1 branch of the dungeon, and saw 4 of its levels.

You collected 128 gold pieces.


   Skills:
 - Level 1.5 Fighting
 + Level 7.6 Ranged Weapons
 - Level 2.4 Dodging
 - Level 1.2 Stealth


You had 3 spell levels left.
You didn't know any spells.
Your spell library was empty.

Inventory:

Hand Weapons
 a - a +0 shortbow (weapon)
Armour
 b - a +0 helmet (worn)
 c - a +0 leather armour (worn)
 e - a scarf of repulsion (worn)
 f - a +0 pair of gloves
Potions
 d - 2 potions of curing
 g - a potion of cancellation
 j - a potion of degeneration {unknown}

Dungeon Overview and Level Annotations

Branches:
Dungeon (4/15)
 Temple: D:4-7

Altars:


Message History

1606 ||| RETREEEEATING.
You shoot an arrow. The arrow barely misses the orc.
The orc priest shouts!
The orc hits you with a +0 hand axe.
You shoot an arrow. The arrow hits the orc.
The orc is heavily wounded.
You hear a shout!
The orc completely misses you.
You shoot an arrow. The arrow hits the orc.
The orc is heavily wounded.
The orc misses you.
You shoot an arrow. The arrow hits the orc.
You kill the orc!
The orc priest casts a cantrip, but nothing happens.
You shoot an arrow.
The arrow hits the orc but does no damage.
The orc barely misses you.
You shoot an arrow. The arrow barely misses the orc.
You shoot an arrow.
The arrow hits the orc but does no damage.
The orc priest looks satisfied for a moment.
You shoot an arrow. The arrow barely misses the orc.
The orc hits you with a +0 flail.
You shoot an arrow. The arrow hits the orc!
You kill the orc!
You shoot an arrow.
The arrow hits the orc but does no damage.
You shoot an arrow.
The arrow hits the orc but does no damage.
The orc completely misses you. The orc hits you with a +0 club.
The orc priest calls down the wrath of Beogh upon you.
Beogh smites you!
Ouch! That really hurt!
You shoot an arrow.
The arrow hits the orc but does no damage.
The orc hits you with a +0 club. The orc hits you with a +0 whip.
You shoot an arrow. The arrow hits the orc!
You kill the orc!
The orc priest barely misses you. The orc hits you with a +0 club.
You die...

##........
#...#..... ##.###
..# #..## .##
###...####.###
###...#........
#.......####.##
...####..###..##.#
#+ ##...@o....#
#####o##### ....
.<.### #.o.. .....
##..... #...#.


You could see an orc priest and an orc.

Vanquished Creatures
  4 adders (D:2)
  A ribbon worm (D:2)
  3 orcs (D:4)
  4 bats (D:1)
  4 endoplasms (D:1)
  3 giant cockroaches
  2 goblins
  7 hobgoblins
  4 ball pythons
  2 frilled lizards (D:3)
  4 kobolds
  3 rats
41 creatures vanquished.

Notes
Turn   | Place    | Note
-------+----------+-------------------------------------------
     0 | D:1      | qw the Deep Elf Hunter began the quest for the Orb.
     0 | D:1      | Reached XP level 1. HP: 12/12 MP: 3/3
     0 | D:1      | 0 ||| qw: Version: 0.3-a-155-g5e7d8dd
     0 | D:1      | 0 ||| qw: Game counter: 1921
     0 | D:1      | 0 ||| qw: Melee chars always use a shield: true
     0 | D:1      | 0 ||| qw: God list: Okawaru
     0 | D:1      | 0 ||| qw: Allow faded altars: false
     0 | D:1      | 0 ||| qw: Do Orc after clearing Dungeon:15 true
     0 | D:1      | 0 ||| qw: Do second Lair branch before Depths: true
     0 | D:1      | 0 ||| qw: Lair rune preference: random
     0 | D:1      | 0 ||| qw: Goals: Normal
     0 | D:1      | 0 ||| PLANNING D:1-11
   111 | D:1      | Found a faded altar of an unknown god.
   163 | D:1      | Reached XP level 2. HP: 16/16 MP: 4/4
   165 | D:1      | Reached skill level 6 in Ranged Weapons
   782 | D:1      | 782 ||| READING scroll labelled YDOUGEBOFU.
   783 | D:1      | 783 ||| READING scroll labelled SIESUM IDASIXTO.
   784 | D:1      | 784 ||| READING 2 scrolls labelled WAISMU MIPSEO.
   784 | D:1      | 784 ||| IDENTIFYING inky potion
   785 | D:1      | 785 ||| READING scroll of identify.
   785 | D:1      | 785 ||| IDENTIFYING green potion
   786 | D:1      | 786 ||| DRINKING 2 clear potions.
   787 | D:1      | 787 ||| DROPPING scroll of butterflies.
   831 | D:2      | HP: 4/16 [adder (1)]
   832 | D:2      | 832 ||| DRINKING potion of heal wounds.
   838 | D:2      | Reached XP level 3. HP: 7/20 MP: 5/5
   839 | D:2      | HP: 5/20 [poisoned by an adder]
  1048 | D:2      | Reached skill level 7 in Ranged Weapons
  1356 | D:2      | Reached XP level 4. HP: 25/25 MP: 6/6
  1447 | D:2      | 1447 ||| UPGRADING to +0 helmet.
  1452 | D:2      | 1452 ||| UPGRADING to scarf of repulsion.
  1457 | D:2      | 1457 ||| READING scroll labelled NIECYU ICVOSUS.
  1589 | D:3      | You fall into a shaft and drop 1 floor!
  1606 | D:4      | 1606 ||| RETREEEEATING.
  1617 | D:4      | HP: 4/25 [orc priest/divine providence (15)]
  1619 | D:4      | Slain by an orc

Levels and vault maps discovered:
D:1:      dpeg_arrival_boxes_within_box, layout_basic,
          shapermc_ecumenical_altar_mp_urbaneastern
D:2:      layout_basic
D:3:      layout_rooms
D:4:      old_forge, layout_loops_corners, kennysheep_ying_yang,
          nicolae_ru_great_annihilating_truth, fedhas_altar_3,
          minmay_temple_entry_hall

Skill      XL: |  1  2  3 |
---------------+----------+-----
Ranged Weapons | 6 7 |  7.6
Fighting       | |  1.5
Dodging        | |  2.4
Stealth        | |  1.2

Action                     |  1- 3 |  4- 6 || total
---------------------------+-------+-------++-------
   Fire: Shortbow          |    98 |    21 ||   119
    Use: Scroll            |     4 |     1 ||     5
         Potion            |     2 |       ||     2
 Armour: Leather armour    |    16 |     6 ||    22
  Dodge: Dodged            |    25 |     5 ||    30

Table legend:
 A = Non-vault XP
 B = Vault XP
 C = Vault XP percentage of total XP
 D = Non-vault monster count
 E = Vault monster count
 F = Vault count percentage of total count
                 A         B        C        D         E       F
            +---------+---------+-------+---------+---------+-------
      Total |     119 |       0 |   0.0 |      41 |       0 |   0.0
            +---------+---------+-------+---------+---------+-------
        D:1 |      32 |       0 |   0.0 |      19 |       0 |   0.0
        D:2 |      71 |       0 |   0.0 |      14 |       0 |   0.0
        D:3 |       7 |       0 |   0.0 |       5 |       0 |   0.0
        D:4 |       9 |       0 |   0.0 |       3 |       0 |   0.0
            +---------+---------+-------+---------+---------+-------
